Cogmind - Beta 13 @@@ ROGUE MODE // 2024.04.16 @ 16:42:44 Player: blackdogzx Result: Destroyed by G-34 Mercenary with Small Laser Performance ------------- Evolutions (0) 0 Regions Visited (1) 200 Robots Destroyed (14) 70 Value Destroyed (186) 186 Prototype IDs (2) 40 Alien Tech Used (0) 0 Bonus (0) 0 TOTAL SCORE: 496 Bonus ------- None Cogmind --------- Core Integrity 0/250 Matter 296/300 Energy 0/100 System Corruption 1% Temperature Cool (6) Movement Core (50) Location -10/Materials Parts ------- > --- POWER (1) -------- (None) > --- PROPULSION (2) --- (None) > --- UTILITY (2) ------ Targeting Computer ECM Suite > --- WEAPON (2) ------- (None) > --- INVENTORY (5) ---- Light Armor Plating Peak State ------------ > --- POWER ------------ Ion Engine > --- PROPULSION ------- Aluminum Leg Aluminum Leg > --- UTILITY ---------- Small Storage Unit Targeting Computer > --- WEAPON ----------- Medium Laser Small Laser > --- INVENTORY -------- (None) [Rating: 7] Favorites ----------- Power Ion Engine Engine Ion Engine Propulsion Aluminum Leg Leg Aluminum Leg Utility Small Storage Unit Device ECM Suite Storage Small Storage Unit Processor Targeting Computer Protection Light Armor Plating Weapon Small Laser Energy Gun Small Laser Special Melee Weapon Datajack Build | -11 -10 ------- Run | Yrd Mat Slots Evolved . | . . Power . | . . Propulsion . | . . Utility . | . . Weapon . | . . Parts Attached 12 | 6 6 Power 2 | 1 1 Engine 2 | 1 1 Core . | . . Reactor . | . . Propulsion 2 | 2 . Treads . | . . Leg 2 | 2 . Wheel . | . . Hover . | . . Flight . | . . Utility 5 | 1 4 Device 1 | . 1 Storage 1 | 1 . Processor 2 | . 2 Hackware . | . . Protection 1 | . 1 Artifact . | . . Weapon 3 | 2 1 Energy Gun 2 | 2 . Energy Cannon . | . . Ballistic Gun . | . . Ballistic Cannon . | . . Launcher . | . . Special Weapon . | . . Impact Weapon . | . . Slashing Weapon . | . . Piercing Weapon . | . . Special Melee Weapon 1 | . 1 Unidentified Prototypes . | . . Parts Lost 8 | . 8 Power 2 | . 2 Propulsion 2 | . 2 Utility 1 | . 1 Weapon 3 | . 3 Highest Loss Streak 6 | . 6 To Critical Strikes . | . . Average Slot Usage (%) 90 | . 90 Engine 11 | . 11 Leg 24 | . 24 Storage 12 | . 12 Processor 12 | . 12 Energy Gun 24 | . 24 Naked Turns . | . . Heaviest Build 13 | 13 13 Greatest Support 20 | 20 20 Greatest Overweight (x) . | . . Average Overweight (x) . | . . Largest Inventory Capacity 8 | 8 8 Average Capacity 7 | 7 7 Most Carried 5 | 5 4 Average Carried 2 | . 2 Final Capacity 8 | 8 5 Final Carried 1 | . 1 Class Distribution -------------------- 100% | Mutant Dominant Class ---------------- Mutant | -10/Materials Resources | -11 -10 ----------- Run | Yrd Mat Matter Collected 290 | 177 113 Remotely . | . . Salvage Created 271 | . 271 Parts 27 | . 27 Haulers Intercepted . | . . Recyclers Shooed 1 | . 1 Parts Field Recycled . | . . Retrieved Matter . | . . Parts Self-Destructed . | . . Prevented . | . . Kills | -11 -10 ------- Run | Yrd Mat Combat Hostiles Destroyed 11 | . 11 Guns 11 | . 11 Classes Destroyed 5 | . 5 Builder 1 | . 1 Tunneler 1 | . 1 Watcher 1 | . 1 Swarmer 9 | . 9 Grunt 2 | . 2 Best Kill Streak 5 | . 5 Combat Bots Only 3 | . 3 Max Kills in Single Turn 1 | . 1 Gunslinging . | . . Exploded . | . . Melee . | . . Uniques/NPCs Destroyed . | . . Combat | -11 -10 -------- Run | Yrd Mat Hostile Shots Fired 103 | . 103 Missed 28 | . 28 Damage Taken 801 | . 801 Core 259 | . 259 Absorbed by Shields . | . . Core Remaining (%) 100 | 100 . Volleys Fired 37 | . 37 Largest 2 | . 2 Hottest 90 | . 90 Shots Fired 61 | . 61 Gun 61 | . 61 Cannon . | . . Launcher . | . . Special . | . . Kinetic . | . . Thermal 61 | . 61 Explosive . | . . Electromagnetic . | . . Robot Hit Streak 12 | . 12 Robot Miss Streak 5 | . 5 Penetration Max . | . . Secondary Targets 2 | . 2 Max Gunslinging Chain 1 | . 1 Shots Hit Robots 35 | . 35 Core Hits 19 | . 19 Critical Kills . | . . Critical Parts Destroyed . | . . Critical Strikes 1 | . 1 Burn 1 | . 1 Melee Attacks 2 | . 2 Impact . | . . Slashing . | . . Piercing . | . . Sneak Attacks . | . . Combat Hostiles . | . . Follow-up Attacks . | . . Damage Inflicted 507 | . 507 Guns 489 | . 489 Cannons . | . . Explosions . | . . Melee . | . . Ramming 18 | . 18 Kinetic . | . . Thermal 489 | . 489 Explosive . | . . Electromagnetic . | . . Impact . | . . Slashing . | . . Piercing . | . . Highest Corruption 1 | . 1 Average Corruption 1 | . 1 Corruption Purged . | . . Corruption Blocked . | . . Effects 3 | . 3 Message Errors 1 | . 1 Matter Fused 1 | . 1 Heat Flow Errors 1 | . 1 Overload Shots . | . . Overflow Damage . | . . Projectiles . | . . Explosions . | . . Melee . | . . Knockbacks . | . . Impact . | . . Kinetic . | . . Secondary . | . . Self-Inflicted Damage 8 | . 8 Shots . | . . Rammed 5 | . 5 Targets Rammed 5 | . 5 Kicked . | . . Crushed . | . . Highest Temperature 293 | . 293 Average Temperature 94 | . 94 Received Heat Transfer 174 | . 174 Siege Activations . | . . Robots Corrupted . | . . Combat Hostiles . | . . Parts Fried . | . . Impact Corruptions . | . . Robots Melted . | . . Combat Hostiles . | . . Parts Melted 2 | . 2 Heat Transferred 1304 | . 1304 Parts Sabotaged . | . . Parts Stolen . | . . Parts Stripped . | . . Power Chain Reactions . | . . Alert | -11 -10 ------- Run | Yrd Mat Peak Influence 165 | . 165 Initial . | . . Average 76 | . 83 Maximum Alert Level . | . . Low Security (%) 100 | 100 100 Level 1 . | . . Level 2 . | . . Level 3 . | . . Level 4 . | . . Level 5 . | . . High Security . | . . Max Security . | . . Squads Dispatched 1 | . 1 Investigation . | . . Extermination . | . . Reinforcement 1 | . 1 Assault . | . . Garrison . | . . Intercept . | . . Searches Triggered . | . . Construction Impeded . | . . Haulers Reinforced . | . . Active Scanning Responses . | . . Cargo Convoy Interrupts . | . . Stealth | -11 -10 --------- Run | Yrd Mat Distress Signals 1 | . 1 Communications Jammed . | . . Distress Signals . | . . Times Spotted 20 | . 20 Peak Tracking Total 4 | . 4 Tactical Retreats 1 | . 1 Traps | -11 -10 ------- Run | Yrd Mat Traps Triggered 2 | . 2 Indirectly . | . . Trap Hack Attempts . | . . Triggered . | . . Disarmed . | . . Reprogrammed . | . . Reused . | . . Traps Extracted . | . . Installed . | . . Triggered . | . . Machines | -11 -10 ---------- Run | Yrd Mat Machines Disabled . | . . Max in Single Turn . | . . Machines Repaired . | . . Machines Dismantled . | . . Machines Sabotaged . | . . Overloaded Fab Kills . | . . Hacking | -11 -10 --------- Run | Yrd Mat Machines Accessed 1 | . 1 Terminals 1 | . 1 Fabricators . | . . Repair Stations . | . . Recycling Units . | . . Scanalyzers . | . . Garrison Access . | . . Total Hacks 1 | . 1 Successful 1 | . 1 Failed . | . . Catastrophic . | . . Database Lockouts . | . . Manual . | . . Terminals 1 | . 1 Fabricators . | . . Repair Stations . | . . Recycling Units . | . . Scanalyzers . | . . Garrison Access . | . . Terminal Hacks 1 | . 1 Prototype ID Bank 1 | . 1 Fabricator Hacks . | . . Repair Station Hacks . | . . Recycling Unit Hacks . | . . Scanalyzer . | . . Garrison Access Hacks . | . . Unauthorized Hacks . | . . Terminals . | . . Fabricators . | . . Repair Stations . | . . Recycling Units . | . . Scanalyzers . | . . Garrison Access . | . . Data Cores Recovered . | . . Used . | . . Hacking Detections . | . . Full Trace Events . | . . Feedback Events . | . . Feedback Blocked . | . . Robot Schematics Acquired . | . . Robots Built . | . . Authchips . | . . Time . | . . Total Robot Build Rating . | . . Part Schematics Acquired . | . . Parts Built . | . . Authchips . | . . Time . | . . Total Part Build Rating . | . . Parts Repaired . | . . Time . | . . Parts Recycled . | . . Recycled Matter . | . . Retrieved Matter . | . . Retrieved Components . | . . Parts Scanalyzed . | . . Part Schematics Acquired . | . . Parts Damaged . | . . Bothacking | -11 -10 ------------ Run | Yrd Mat Used RIF Installer . | . . Robots Hacked 1 | . 1 Non-combat . | . . Combat 1 | . 1 Robot Hacks Applied 1 | . 1 parse_system 1 | . 1 Relay Couplers Released . | . . Fabnet Peak Effective % . | . . Robots Rewired . | . . Allies Hacked . | . . Hacks Repelled . | . . Allies | -11 -10 -------- Run | Yrd Mat Total Allies . | . . Largest Group . | . . Highest-Rated Group . | . . Highest-Rated Ally . | . . Total Orders . | . . Ally Attacks . | . . Total Damage . | . . Kills . | . . Allies Corrupted . | . . Allies Melted . | . . Intel | -11 -10 ------- Run | Yrd Mat Robot Analysis Total . | . . Derelict Logs Recovered . | . . Drone Launches . | . . Drone Recoveries . | . . Exploration | -11 -10 ------------- Run | Yrd Mat Turns Passed 669 | 58 611 Spaces Moved 457 | 46 411 Core 50 | 13 37 Treads . | . . Legs 407 | 33 374 Wheels . | . . Hover . | . . Flight . | . . Fastest Speed 50 | 50 50 Average Speed 112 | 100 113 Slowest Speed 120 | 120 120 Overloaded Moves . | . . Propulsion Burnouts . | . . Robots Hopped . | . . Cave-ins Triggered . | . . Exploration Rate (%) 27 | 3 51 Regions Visited 1 Branch Regions . Pre-discovered Areas . | . . Known Exits Taken . | . . Unknown Exits Taken 1 | 1 . Scrap Searched . | . . Spaces Dug . | . . Terrain Destroyed . | . . Melee . | . . Projectile . | . . AOE . | . . Terrain Rammed . | . . Walls Destroyed . | . . Machines Disabled . | . . Actions | -11 -10 --------- Run | Yrd Mat Total 549 | 58 491 Wait 24 | . 24 Move 456 | 45 411 Hop . | . . Pick Up 11 | 6 5 Fast Attach 2 | 1 1 Attach 8 | 5 3 Detach . | . . Swap 2 | . 2 Drop 2 | 1 1 Fire 37 | . 37 Melee 2 | . 2 Ram 5 | . 5 Kick . | . . Crush . | . . Escape Stasis . | . . Rewire . | . . Trap . | . . Miscellaneous . | . . Route ------- -11/Scrapyard -10/Materials (discovered 2 exits: [*Mat] / [*Min]) History --------- Turn | Location | Event 8 | -11/Scrapyard | Discovered new exit (range 16) 59 | -11/Scrapyard | Entered Materials 300 | -10/Materials | Discovered new exit (range 9) 317 | -10/Materials | Build established: Mutant 446 | -10/Materials | Discovered new exit (range 3) 608 | -10/Materials | Core integrity fell below 50% 650 | -10/Materials | Lost 6 parts (1p2n1u2w) 650 | -10/Materials | Core integrity fell below 20% 670 | -10/Materials | Destroyed by G-34 Mercenary with Small Laser Last Messages --------------- 00594_ ALERT: Hostiles spotted, dispatching reinforcements to Terminal M003. 00601_ G-34 Mercenary destroyed. 00604_ Aluminum Leg destroyed. 00609_ Aluminum Leg melted. 00609_ G-34 Mercenary destroyed. 00609_ R-06 Scavenger collects Sml. Laser. 00611_ Lgt. Ion Engine destroyed. 00613_ R-06 Scavenger collects Aluminum Leg. 00618_ Targeting Computer destroyed. 00619_ Sml. Laser destroyed. 00621_ Acquired 10 matter. 00626_ Acquired Targeting Computer. 00635_ Dropped Sml. Storage Unit. 00650_ Jacked G-34 Mercenary... >>parse_system Reading system data... 00651_ Datajack destroyed. 00656_ Slammed into W-16 Scout. 00660_ Destabilizing: Core damaged (-10). Map ----- +----------------------------------------------------+ | | | | | | | | | | | | | ??????????????????????????????????????????????? | | ??????????????????????????????????????????????? | | ?????????????????#######??????????????????????? | | ??????????####### !#??????????????????????? | | ??????????# # #??????????????????????? | | ########### # =!! #??????????????????????? | | + =!! #??????????????????????? | | # ######### # !! #??????????????????????? | | #+#######?# # #??????????????????????? | | #?##############??????????????????????? | | """ #####?????????????????????????????????? | | """ # #?????????????##########??????????? | | """ # < #?????????????# #??????????? | | %# #?????????????# """ #??????????? | | + ############### """!#??????????? | | # % wr # """ #??????????? | | "T" [# % + #??????????? | | # % gg# #??????????? | | ##########/############ # "T" #??????????? | | ??????# %= #??????#a @# """ #??????????? | | ??????# """* #??????# # #??????????? | | ??????# """"" #??????# ##########??????????? | | ??????# """""% #??????# #???????????????????? | | ??????# """"" %#??????# ???????????????????? | | ??????# """ #?????? ??????????????????? | | ??????# #????? ?????????????????? | | ??????# #????? ?????????????????? | | ??????# #???? """ ????????????????? | | ??????##########???## """ ???????????????? | | ????????????????????# """ ???????????????? | | ????????????????????# ??? ????????????????? | | ????????????????????# ???? #????????????????? | | ????????????????????# ???? ?????????????????? | | ????????????????????? ??????????????????????? | | ??????????????????????????????????????????????? | | ??????????????????????????????????????????????? | | ??????????????????????????????????????????????? | | ###???????????????????????????????????????????? | | #???????????????????????????????????????????? | | " #???????????????????????????????????????????? | | " #???????????????????????????????????????????? | | " #???????????????????????????????????????????? | | #???????????????????????????????????????????? | | " #???????????????????????????????????????????? | +----------------------------------------------------+ Best States ------------- Heat Dissipation 25 Energy Generation 10 Energy Capacity 250 Matter Stores 300 Matter Capacity 300 Sight Range 16 Terrain Scan Density 10 ECM Strength 1 Armor Coverage 150 Evasion (%) 55 Targeting Accuracy 5 Item Schematics ----------------- None Robot Schematics ------------------ None Fabricated ------------ Nothing Alien Tech Used ----------------- None Achievements -------------- None Challenges ------------ None Game ------ Seed alphaworld Manual? 1 Play Time 00:11:07 Cumulative 6.5 hours Start 2024.04.16 @ 16:32:10 End 2024.04.16 @ 16:42:44 Sessions 1 Manual Loads 0 Difficulty Rogue Special Mode None Game No. 8 Rogue 8 Adventurer 0 Explorer 0 Win Type - Total 0 Types 0/0/0/0/0/0/0/0/0 Lore% 5 Gallery% 12 Achievement% 9 Wizard Run 0 Options --------- Layout 0 ASCII 0 Keyboard 1 Movement Numpad Keybinds 0 Fullscreen 1 Font 18/TerminusBold Map View 38x25 Zoom Use 58% Tactical HUD 1 Map Filters NONE Filters NONE Steam 1 RUN: fd30e95c-f3bc-4977-b212-c5a0c3e97ebb